 Dungeon Crawl Stone Soup version 0.27-a0-54-g64bdb92e38 (webtiles) character file.

Game seed: 16290165445551009369

571 robertstho the Covered (level 7, -8/64 HPs)
             Began as a Deep Dwarf Fighter on Jan 7, 2021.
             Mangled by a two-headed ogre
             ... wielding a +0 giant club
              (14 damage)
             ... on level 5 of the Dungeon.
             The game lasted 00:04:06 (2716 turns).

robertstho the Covered (Deep Dwarf Fighter)         Turns: 2716, Time: 00:04:08

Health: -8/64      AC:  8    Str: 27    XL:     7   Next: 11%
Magic:  3/3        EV:  7    Int:  9    God:
Gold:   75         SH: 16    Dex: 12    Spells: 6/6 levels left

rFire    . . .     SeeInvis .   s - +0 hand axe (venom)
rCold    . . .     Faith    .   u - +0 tower shield
rNeg     . . .     Spirit   .   b - +0 scale mail
rPois    .         Reflect  .   (no helmet)
rElec    .         Harm     .   q - +0 cloak
rCorr    .         Rampage  .   (no gloves)
Will     +....                  (no boots)
Stlth    ..........             (no amulet)
HPRegen  0.00/turn              h - +6 ring of strength
MPRegen  0.08/turn              (no ring)

@: mighty, non-regenerating
A: damage resistance, heal wounds, sense surroundings 1, no regeneration
a: Heal Wounds


You were on level 5 of the Dungeon.
You visited 2 branches of the dungeon, and saw 6 of its levels.

You collected 273 gold pieces.
You spent 198 gold pieces at shops.

Inventory:

Hand Weapons
 a - a +0 war axe
 r - a +2 quarterstaff of chaos
 s - a +0 hand axe of venom (weapon)
Armour
 b - a +0 scale mail (worn)
 q - a +0 cloak (worn)
 u - a +0 tower shield (worn)
Jewellery
 h - a +6 ring of strength (left hand)
Scrolls
 c - a scroll of blinking {unknown}
 d - a scroll of random uselessness {unknown}
 e - 4 scrolls of remove curse {unknown}
 i - 7 scrolls of identify {unknown}
 k - a scroll of amnesia {unknown}
 l - a scroll of magic mapping {unknown}
 n - 2 scrolls of enchant armour
 p - 3 scrolls of teleportation
 t - a scroll of noise {unknown}
Potions
 f - 2 potions of flight {unknown}
 g - 2 potions of attraction
 j - 2 potions of brilliance {unknown}
 m - 2 potions of heal wounds {unknown}
 o - 3 potions of curing
 v - 2 potions of degeneration {unknown}
 w - a potion of haste {unknown}


   Skills:
 * Level 4.1 Fighting
 + Level 4.7 Axes
 * Level 5.1 Armour
 * Level 2.6 Dodging
 + Level 0.5 Stealth
 + Level 4.7 Shields


You had 6 spell levels left.
You didn't know any spells.
Your spell library was empty.

Dungeon Overview and Level Annotations

Branches:
Dungeon (5/15)             Temple (1/1) D:4

Altars:
Ashenzari
Dithmenos
Elyvilon
Fedhas
Gozag
Hepliaklqana
Nemelex Xobeh
Okawaru
Qazlal
Sif Muna
Trog
Uskayaw
Vehumet
Wu Jian
Xom
Yredelemnul

Shops:
D:4 *

Annotations:
D:5 Eustachio


Innate Abilities, Weirdness & Mutations

You are resistant to damage.
You can heal yourself by infusing magical energy.
You passively map a small area around you.
You do not regenerate.


Message History

The worker ant bites you but does no damage.
You hit the worker ant but do no damage.
You block the worker ant's attack.
Your shield prevents you from hitting the two-headed ogre.
The two-headed ogre hits you with a +0 giant club!
You block the two-headed ogre's attack.
You hear a zap.
Some rock shatters into small pieces.
You hit the two-headed ogre.
The two-headed ogre is lightly wounded.
The two-headed ogre hits you with a +0 giant club!
* * * LOW HITPOINT WARNING * * *
You block the two-headed ogre's attack.
You slash the two-headed ogre!
The two-headed ogre is poisoned.
The two-headed ogre is moderately wounded.
Eustachio twirls his moustache.
The two-headed ogre hits you with a +0 giant club!
* * * LOW HITPOINT WARNING * * *
The two-headed ogre hits you with a +0 giant club!
You die...

, ** * , , , , ,*
#.#.# * , * * ** *
#.#.# * , * * ##
##...###, ##* ,#.# ,
...... ,* .##.. ,
#.##* #...#, **
......####.## #...#,#
*
..^....@OB@.###...#.#
.##.#.###Z..........##
# .#....#..>...#* , ,
###...<..## , ,,
#@....# ** * , , *
.#....# , , * * , ,
,.......#** , *
......#.# * ,, ,
.........#


You could see a two-headed ogre (very poisoned), Eustachio, a worker ant and a
worker ant zombie.

Vanquished Creatures
  An ogre (D:4)
  2 centaur skeletons (D:4)
  Crazy Yiuf (D:2)
  5 orc priests
  An iguana (D:4)
  2 orc wizards (D:4)
  3 worker ants (D:4)
  A hound skeleton (D:4)
  An adder (D:3)
  An adder skeleton (D:4)
  3 worms
  17 orcs
  2 giant cockroaches
  5 goblins
  6 hobgoblins
  5 kobolds
  A quokka (D:4)
  A ball python (D:3)
  5 bats
  5 frilled lizards
  9 rats
77 creatures vanquished.

Notes
Turn   | Place    | Note
-------+----------+-------------------------------------------
     0 | D:1      | robertstho the Deep Dwarf Fighter began the quest for the
                  | Orb.
     0 | D:1      | Reached XP level 1. HP: 20/20 MP: 1/1
   192 | D:1      | Reached XP level 2. HP: 25/27 MP: 2/2
   658 | D:2      | Reached XP level 3. HP: 32/34 MP: 2/2
   661 | D:2      | Reached XP level 4. HP: 22/42 MP: 3/3
   662 | D:2      | Reached skill level 4 in Armour
   662 | D:2      | Reached skill level 1 in Dodging
  1089 | D:2      | Found a runed translucent door.
  1090 | D:2      | Noticed Crazy Yiuf
  1102 | D:2      | Killed Crazy Yiuf
  1103 | D:2      | Reached XP level 5. HP: 29/49 MP: 3/3
  1868 | D:4      | Reached XP level 6. HP: 48/57 MP: 4/4
  1998 | D:4      | Found a hazy altar of Hepliaklqana.
  2063 | D:4      | Found Guig Voc's General Store.
  2069 | D:4      | Bought a scroll of teleportation for 36 gold pieces
  2069 | D:4      | Bought a potion of attraction for 36 gold pieces
  2069 | D:4      | Bought a potion of curing for 36 gold pieces
  2069 | D:4      | Bought a scroll of enchant armour for 90 gold pieces
  2178 | D:4      | Found a stormy altar of Qazlal.
  2247 | D:4      | Reached skill level 5 in Armour
  2270 | D:4      | Reached XP level 7. HP: 41/64 MP: 3/3
  2280 | D:4      | Found a staircase to the Ecumenical Temple.
  2294 | Temple   | Entered the Ecumenical Temple
  2700 | D:5      | Entered Level 5 of the Dungeon
  2700 | D:5      | Noticed Eustachio
  2700 | D:5      | Noticed a two-headed ogre
  2716 | D:5      | Mangled by a two-headed ogre

Illustrated notes

Levels and vault maps discovered:
D:1:      lightli_arrival_lavapool, layout_loops_cross
D:2:      cheibrodos_pilgrimage, layout_basic, uniq_crazy_yiuf_cottage
D:3:      layout_loops_ring, minmay_unequal
D:4:      layout_loops_ring, nzn_hepliaklqana_mist_gate,
          nicolae_qazlal_eye_of_the_storm, minmay_temple_entry_stoned_glass,
          serial_shops, nicolae_shop_temple_entry_statues_fountains
D:5:      layout_loops_ring, lemuel_crystal_altar, lemuel_crystal_altar,
          zin_angel, uniq_duvessa, uniq_eustachio
Temple:   dpeg_chambers_temple

Skill      XL: |  1  2  3  4  5  6 |
---------------+-------------------+-----
Fighting       | 3 4 |  4.1
Shields        | 4 |  4.7
Axes           | 3 4 |  4.7
Armour         | 4 5 |  5.1
Dodging        | 1 2 |  2.6
Stealth        | |  0.5

Action                   |  1- 3 |  4- 6 |  7- 9 || total
-------------------------+-------+-------+-------++-------
Melee: War axe           |    51 |    71 |       ||   122
       Hand axe          |       |   108 |    16 ||   124
 Abil: Heal Wounds       |     4 |     6 |       ||    10
  Use: Potion            |     1 |       |     1 ||     2
 Stab: Invisible         |       |     1 |       ||     1
Armor: Scale mail        |    23 |    49 |     4 ||    76
Dodge: Dodged            |    26 |    53 |     1 ||    80
Block: Kite shield       |    34 |    49 |       ||    83
       Tower shield      |       |    92 |    18 ||   110

Table legend: (Time is in decaauts)
 A = Elapsed time spent in this place.
 B = Non-inter-level travel time spent in this place.
 C = Inter-level travel time spent in this place.
 D = Time resting spent in this place.
 E = Time spent auto-exploring this place.
 F = Levels seen in this place.
 G = Mean time per level.
                   A        B        C        D        E       F      G
               +--------+--------+--------+--------+--------+-----+--------+
         Total |   2796 |   2645 |    151 |      0 |   2055 |   6 |  466.0 |
       Dungeon |   2584 |   2457 |    127 |      0 |   1867 |   5 |  516.8 |
        Temple |    211 |    188 |     23 |      0 |    188 |   1 |  211.0 |
               +--------+--------+--------+--------+--------+-----+--------+

Top non-repeatable levels by time:
     D:3: 705 daAuts
     D:4: 673 daAuts
     D:1: 643 daAuts
     D:2: 545 daAuts
  Temple: 211 daAuts
     D:5: 16 daAuts
